 Dungeon Crawl Stone Soup version 0.28-a0-519-gbfeecf2fc5 (webtiles) character file.

Game seed: 4439457061368888198

40636 siradein the Spear-Bearer (level 13, -2/107 HPs)
             Began as a Minotaur Hunter on Sept 24, 2021.
             Was the Champion of Okawaru.
             Slain by a water moccasin (5 damage)
             ... on level 3 of the Lair of Beasts.
             The game lasted 01:29:45 (21683 turns).

siradein the Spear-Bearer (Minotaur Hunter)        Turns: 21683, Time: 01:29:46

Health: -2/107     AC: 14    Str: 19    XL:     13   Next: 75%
Magic:  0/20       EV: 17    Int:  8    God:    Okawaru [******]
Gold:   926        SH:  0    Dex: 14    Spells: 12/12 levels left

rFire   + . .      SeeInvis .   m - +3 halberd (vamp)
rCold   + + .      Faith    .   (shield currently unavailable)
rNeg    . . .      Spirit   +   A - +1 scale mail of Okawaru's Benevolence {rC+ Will+}
rPois   .          Reflect  .   (helmet restricted)
rElec   .          Harm     .   Q - scarf {rC+ rF+}
rCorr   .          Rampage  .   s - +0 pair of gloves
Will    +....                   (no boots)
Stlth   ..........              j - amulet of guardian spirit
HPRegen 0.27/turn               h - +4 ring of protection
MPRegen 0.17/turn               b - +4 ring of evasion

@: studying Throwing
A: horns 2, retaliatory headbutt, evolution 1, MP-powered wands
a: Renounce Religion, Heroism, Finesse, Duel


You were on level 3 of the Lair of Beasts.
You worshipped Okawaru.
Okawaru was exalted by your worship.
You visited 3 branches of the dungeon, and saw 15 of its levels.
You also visited: Ice Cave.

You collected 926 gold pieces.

Inventory:

Hand Weapons
 a - a +1 hand crossbow
 c - the +6 glaive of Jaoll {venom, rF+ Int+4 Stlth+}
   (Okawaru gifted it to you on level 2 of the Lair of Beasts)

   It poisons the flesh of those it strikes.
   Int:       It affects your intelligence (+4).
   rF:        It protects you from fire.
   Stlth:     It makes you more stealthy.
 m - a +3 vampiric halberd (weapon)
 V - a +4 vorpal fustibalus
 W - a +1 spear of freezing
Missiles
 d - 100 bolts
 e - 15 throwing nets
 k - 16 javelins
 v - 51 poisoned darts
 B - 3 atropa-tipped darts
 D - 20 boomerangs (quivered)
 R - 286 stones
Armour
 s - a +0 pair of gloves (worn)
 A - the +1 scale mail of Okawaru's Benevolence (worn) {rC+ Will+}
   (Okawaru gifted it to you on level 3 of the Lair of Beasts)

   rC:        It protects you from cold.
   Will:      It increases your willpower.
 K - +0 acid dragon scales
 L - a +0 buckler of fire resistance
 Q - a scarf of resistance (worn)
Jewellery
 b - a +4 ring of evasion (right hand)
 h - a +4 ring of protection (left hand)
 i - a ring of flight
 j - an amulet of guardian spirit (around neck)
 p - a ring of ice
 t - a +4 ring of protection
 y - a ring of wizardry
 I - a ring of ice
Wands
 g - a wand of polymorph (15)
 H - a wand of flame (56)
 J - a wand of acid (16)
 T - a wand of iceblast (4)
Scrolls
 f - a scroll of amnesia
 o - a scroll of fear {unknown}
 w - 2 scrolls of holy word
 x - 7 scrolls of teleportation
 C - a scroll of immolation
 E - a scroll of magic mapping
 M - a scroll of fog {unknown}
Potions
 l - 5 potions of heal wounds
 n - 4 potions of flight
 q - 3 potions of mutation
 r - 3 potions of haste
 u - 3 potions of curing
 z - 2 potions of cancellation {unknown}
 G - 2 potions of might {unknown}
 N - 2 potions of magic {unknown}
 O - a potion of berserk rage {unknown}
 S - a potion of resistance
 U - a potion of attraction {unknown}


   Skills:
 + Level 8.1 Fighting
 + Level 13.8 Polearms
 + Level 6.6(10.2) Slings
 - Level 10.0 Crossbows
 + Level 11.1(11.8) Throwing
 + Level 7.9 Armour
 + Level 7.5 Dodging
 - Level 0.7 Stealth
 + Level 11.0 Invocations
 + Level 5.9 Evocations


You had 12 spell levels left.
You didn't know any spells.
Your spell library contained the following spells:

 Spells                   Type           Power      Damage    Failure   Level
 Pain                     Necr           0%         1d4       75%         1
 Sandblast                Erth           0%         2d4       75%         1
 Passwall                 Tmut/Erth      0%         N/A       86%         2
 Gell's Gravitas          Tloc           0%         N/A       98%         3
 Lesser Beckoning         Tloc           0%         N/A       98%         3
 Ozocubu's Armour         Ice            0%         N/A       98%         3
 Portal Projectile        Hex/Tloc       0%         N/A       98%         3
 Stone Arrow              Conj/Erth      0%         3d7       98%         3
 Teleport Other           Tloc           0%         N/A       98%         3
 Agony                    Necr           0%         N/A       100%        5
 Blade Hands              Tmut           0%         N/A       100%        5
 Excruciating Wounds      Necr           0%         N/A       100%        5
 Metabolic Englaciation   Hex/Ice        0%         N/A       100%        5
 Simulacrum               Ice/Necr       Unusable   N/A       N/A         6

Dungeon Overview and Level Annotations

Branches:
Dungeon (11/15)            Temple (1/1) D:4            Lair (3/6) D:9
  IceCv (visited)
  Swamp: Lair:2-4    Shoals: Lair:2-4     Snake: Lair:2-4    Spider: Lair:2-4
    Orc: D:9-12

Altars:
Ashenzari
Cheibriados
Dithmenos
Elyvilon
Fedhas
Gozag
Hepliaklqana
Kikubaaqudgha
Makhleb
Nemelex Xobeh
Okawaru
Qazlal
Ru
Sif Muna
Trog
Uskayaw
Vehumet
Wu Jian
Yredelemnul
Zin
The Shining One

Shops:
D:1 :


Innate Abilities, Weirdness & Mutations

You have a pair of horns on your head.
You reflexively headbutt those who attack you in melee.
You have hidden genetic potential.
You expend magic power (3 MP) to strengthen your wands.


Message History

The komodo dragon barely misses you.
As you read the scroll of teleportation, it crumbles to dust.
You feel strangely unstable. The water moccasin bites you.
The water moccasin closely misses you. You furiously retaliate!
You headbutt the water moccasin. The cane toad completely misses you.
The cane toad misses you.
The water moccasin bites you but does no damage.
The komodo dragon completely misses you.
You furiously retaliate!
You headbutt the komodo dragon.
The water moccasin bites you but does no damage.
The water moccasin completely misses you.
The water moccasin bites you.
You are poisoned.
The water moccasin poisons you!
Your surroundings suddenly seem different.
You feel sick.
You start resting.
The sentinel's mark upon you fades away.
You feel sick.
You start resting.
You feel sick. x3
There are monsters nearby!
You feel like a meek peon again.
You feel sick.
You feel sick.
The water moccasin hisses angrily.
You feel sick.
You are no longer poisoned.
The cane toad croaks.
Found a stone staircase leading up.
A cane toad comes into view.
The cane toad gives a loud, deep croak!
The water moccasin barely misses you. The water moccasin barely misses you.
The cane toad stings you!!
* * * LOW HITPOINT WARNING * * *
The water moccasin barely misses you. You furiously retaliate!
You headbutt the water moccasin! The cane toad stings you!
* * * LOW HITPOINT WARNING * * *
The water moccasin barely misses you. The water moccasin bites you.
You die...

.# .#### ####..#.# #.#.....##
###........# ..........# ...#
##........# ...# #.F@.≈.....
##..# ##SSS≈≈.<.. ...#
#.≈≈≈≈≈.≈≈ #######..#
#.S≈≈≈≈≈≈≈ #.....#..#
#.≈≈≈≈≈≈≈≈≈≈# #.....#..#
##.F≈≈≈≈≈≈≈≈.# ..
##...#....###....≈≈≈≈≈≈≈.## ...
#..###.#...##.l...≈≈≈≈≈...#....
##.##.....#.#..#.........##...^


You could see a komodo dragon, 2 cane toads and 4 water moccasins.

Vanquished Creatures
  Gastronok (Lair:1)
  A frost giant (IceCv)
  Snorg (D:11)
  Erolcha (Arena)
  Harold (D:7)
  A boulder beetle (Lair:2)
  4 two-headed ogres (D:11)
  11 death yaks
  Nergalle (Lair:1)
  An oklob plant (D:6)
  An ugly thing (IceCv)
  A manticore (D:7)
  5 elephants (Lair:2)
  An ice statue (IceCv)
  A torpor snail (Lair:3)
  4 black mambas (Lair:3)
  2 cane toads
  4 komodo dragons (Lair:1)
  8 rime drakes
  Psyche (D:11)
  A troll (D:11)
  4 polar bears (IceCv)
  4 dream sheep (Lair:3)
  A shadow (D:11)
  Sigmund (D:6)
  6 wyverns
  2 basilisks
  30 yaks
  2 vampire mosquitoes (D:10)
  2 death yak simulacra (Lair:2)
  A steam dragon (D:9)
  Menkaure (D:7)
  Edmund (D:6)
  An acid dragon (D:9)
  12 water moccasins
  7 orc warriors
  2 sky beasts (D:7)
  7 black bears
  3 centaurs
  25 wolves
  2 ogres (D:5)
  2 necrophages
  3 kobold brigands
  7 bullfrogs
  5 gnoll sergeants
  A scorpion (D:5)
  2 water moccasin skeletons
  19 killer bees (D:9)
  6 wights
  5 electric eels
  2 howler monkeys
  3 centaur zombies
  9 hounds
  9 jellies
  4 orc priests
  3 gnoll shamans (D:8)
  A centaur skeleton (D:6)
  Natasha (thrice) (D:4)
  3 iguanas
  5 orc wizards
  2 polar bear simulacra (Lair:2)
  2 howler monkey zombies
  46 gnolls
  4 adders
  A shadow imp (D:6)
  A white imp (D:8)
  An ufetubus (D:7)
  2 worms
  A dart slug (D:5)
  33 orcs
  4 bats
  21 endoplasms
  A giant cockroach (D:1)
  8 goblins
  8 hobgoblins
  9 jackals
  2 quokkas
  6 ball pythons
  20 kobolds
  5 rats
435 creatures vanquished.

Vanquished Creatures (others)
  2 gnolls (D:8)
  3 orcs
  41 fungi
  31 plants
77 creatures vanquished.

Grand Total: 512 creatures vanquished

Notes
Turn   | Place    | Note
-------+----------+-------------------------------------------
     0 | D:1      | siradein the Minotaur Hunter began the quest for the Orb.
     0 | D:1      | Reached XP level 1. HP: 18/18 MP: 0/0
   282 | D:1      | Found a faded altar of an unknown god.
   461 | D:1      | Reached XP level 2. HP: 25/25 MP: 1/1
   466 | D:1      | Reached skill level 5 in Crossbows
   692 | D:1      | Found Yrual's Book Boutique.
  1081 | D:2      | Found a blossoming altar of Fedhas.
  1117 | D:2      | Reached XP level 3. HP: 30/30 MP: 2/2
  1619 | D:3      | Reached skill level 1 in Polearms
  2312 | D:4      | Reached XP level 4. HP: 36/37 MP: 1/3
  2354 | D:4      | Reached skill level 2 in Polearms
  2734 | D:4      | Reached skill level 3 in Polearms
  2734 | D:4      | Reached XP level 5. HP: 30/42 MP: 1/4
  2945 | D:4      | Noticed a black bear
  2954 | D:4      | Killed a black bear
  2955 | D:4      | Reached skill level 4 in Polearms
  3012 | D:4      | Reached XP level 6. HP: 38/50 MP: 5/5
  3054 | D:4      | Found a hazy altar of Hepliaklqana.
  3322 | D:4      | Noticed Natasha
  3333 | D:4      | Killed Natasha
  3443 | D:4      | Noticed Natasha
  3451 | D:4      | Killed Natasha
  3707 | D:4      | Found a staircase to the Ecumenical Temple.
  3773 | D:4      | Found a blossoming altar of Fedhas.
  3773 | D:4      | Found a basalt altar of Yredelemnul.
  3842 | Temple   | Entered the Ecumenical Temple
  3911 | Temple   | Became a worshipper of Warmaster Okawaru
  3968 | D:5      | Entered Level 5 of the Dungeon
  4065 | D:5      | Reached skill level 5 in Polearms
  4065 | D:5      | Reached skill level 1 in Invocations
  4147 | D:5      | Found an opulent altar of Gozag.
  4185 | D:5      | Reached XP level 7. HP: 56/56 MP: 5/7
  4222 | D:5      | Reached * piety under Okawaru
  4328 | D:5      | Reached skill level 6 in Polearms
  4703 | D:5      | Found a burning altar of Makhleb.
  4950 | D:5      | Reached skill level 1 in Slings
  4950 | D:5      | Reached XP level 8. HP: 59/62 MP: 9/9
  5571 | D:6      | Noticed Sigmund
  5581 | D:6      | Killed Sigmund
  5581 | D:6      | Reached ** piety under Okawaru
  5665 | D:6      | Reached skill level 7 in Polearms
  5766 | D:6      | Reached XP level 9. HP: 62/68 MP: 8/11
  5772 | D:6      | Reached skill level 5 in Invocations
  5896 | D:6      | Reached skill level 8 in Polearms
  5921 | D:6      | Reached *** piety under Okawaru
  6011 | D:6      | Noticed Edmund
  6029 | D:6      | Killed Edmund
  6088 | D:6      | Noticed an oklob plant
  6159 | D:6      | Found a sacrificial altar of Ru.
  6509 | D:7      | Reached skill level 5 in Slings
  6668 | D:7      | Found an ancient bone altar of Kikubaaqudgha.
  6679 | D:7      | Noticed Menkaure
  6683 | D:7      | Killed Menkaure
  6683 | D:7      | Reached **** piety under Okawaru
  6684 | D:7      | Reached skill level 9 in Polearms
  6684 | D:7      | Reached skill level 10 in Crossbows
  6788 | D:7      | Received a gift from Okawaru
  6854 | D:7      | Noticed a manticore
  6871 | D:7      | Killed a manticore
  7070 | D:7      | Noticed Harold
  7087 | D:7      | Killed Harold
  7088 | D:7      | Reached skill level 10 in Polearms
  7088 | D:7      | Reached XP level 10. HP: 65/74 MP: 7/14
  7255 | D:4      | Noticed Natasha
  7261 | D:4      | Killed Natasha
  7760 | D:7      | Noticed a +0 dagger
  7760 | D:7      | Noticed a +0 short sword
  7762 | D:7      | Noticed a +0 falchion
  7763 | D:7      | Noticed a +0 spear
  7763 | D:7      | Noticed a +0 short sword
  7764 | D:7      | Noticed a +0 dagger
  7764 | D:7      | Noticed a +0 spear
  7764 | D:7      | Noticed a +0 falchion
  7769 | D:7      | Found a hide-covered altar of Uskayaw.
  8211 | D:8      | You fall into a shaft and drop 1 floor!
  8240 | D:9      | Reached skill level 1 in Throwing
  8526 | D:8      | Found a shimmering altar of Xom.
  8526 | D:8      | Found a shimmering altar of Xom.
  8527 | D:8      | Found a shimmering altar of Xom.
  8528 | D:8      | Found a shimmering altar of Xom.
  8530 | D:8      | Found a shimmering altar of Xom.
  8530 | D:8      | Found a shimmering altar of Xom.
  8530 | D:8      | Found a shimmering altar of Xom.
  8530 | D:8      | Found a shimmering altar of Xom.
  8609 | D:8      | Reached skill level 11 in Polearms
  9038 | D:8      | Reached ***** piety under Okawaru
  9186 | D:8      | Found a shimmering blue altar of Sif Muna.
  9739 | D:8      | Reached skill level 5 in Throwing
 10041 | D:8      | Found a glowing golden altar of the Shining One.
 10412 | D:8      | Found a bloodstained altar of Trog.
 10788 | D:6      | Killed an oklob plant
 11235 | D:9      | Reached XP level 11. HP: 80/80 MP: 16/16
 11275 | D:9      | Reached skill level 1 in Armour
 11504 | D:9      | Found a staircase to the Lair.
 11671 | D:9      | Received a gift from Okawaru
 11804 | D:9      | Reached skill level 1 in Evocations
 12603 | D:10     | Entered Level 10 of the Dungeon
 12654 | D:10     | Noticed Erolcha
 12663 | Arena    | Entered the Arena
 12669 | Arena    | Killed Erolcha
 13491 | D:10     | Found a broken altar of Ashenzari.
 13883 | D:11     | Reached skill level 12 in Polearms
 13997 | D:11     | Noticed Snorg
 14018 | D:11     | Killed Snorg
 14363 | D:11     | Noticed a two-headed ogre
 14371 | D:11     | Killed a two-headed ogre
 14469 | D:11     | Noticed Psyche
 14479 | D:11     | Killed Psyche
 14669 | D:11     | Noticed a two-headed ogre
 14683 | D:11     | Killed a two-headed ogre
 14763 | D:11     | Noticed a two-headed ogre
 14772 | D:11     | Killed a two-headed ogre
 14955 | D:11     | Noticed a two-headed ogre
 14964 | D:11     | Killed a two-headed ogre
 15528 | Lair:1   | Entered Level 1 of the Lair of Beasts
 15592 | Lair:1   | Reached skill level 5 in Fighting
 15695 | D:9      | Reached XP level 12. HP: 86/94 MP: 12/18
 15761 | Lair:1   | Received a gift from Okawaru
 16668 | Lair:1   | Noticed Nergalle
 16689 | Lair:1   | Killed Nergalle
 16828 | Lair:1   | Reached skill level 5 in Dodging
 16913 | Lair:1   | Noticed Gastronok
 16934 | Lair:1   | Killed Gastronok
 16935 | Lair:1   | Reached skill level 5 in Armour
 17785 | Lair:2   | Reached skill level 10 in Invocations
 17810 | Lair:2   | Received a gift from Okawaru
 17835 | Lair:2   | Found a frozen archway.
 18071 | IceCv    | Entered an ice cave
 18117 | IceCv    | Reached skill level 13 in Polearms
 19056 | IceCv    | Received a gift from Okawaru
 19507 | IceCv    | Reached skill level 10 in Throwing
 19514 | IceCv    | Reached XP level 13. HP: 79/105 MP: 14/19
 19643 | IceCv    | Reached skill level 5 in Evocations
 19652 | IceCv    | Noticed a frost giant
 19674 | IceCv    | Killed a frost giant
 20348 | Lair:2   | Gained mutation: You expend magic power (3 MP) to
                  | strengthen your wands. [potion of mutation]
 20348 | Lair:2   | Gained mutation: You have hidden genetic potential. [potion
                  | of mutation]
 20416 | Lair:2   | Identified the +6 glaive of Jaoll {venom, rF+ Int+4 Stlth+}
                  | (Okawaru gifted it to you on level 2 of the Lair of Beasts)
 20416 | Lair:2   | Received a gift from Okawaru
 21528 | Lair:3   | Reached ****** piety under Okawaru
 21612 | Lair:3   | Identified the +1 scale mail of Okawaru's Benevolence {rC+
                  | Will+} (Okawaru gifted it to you on level 3 of the Lair of
                  | Beasts)
 21612 | Lair:3   | Received a gift from Okawaru
 21682 | Lair:3   | HP: 3/107 [cane toad (12)]
 21683 | Lair:3   | Slain by a water moccasin

Illustrated notes

Levels and vault maps discovered:
D:1:      pf_arrival_petrified_forest, layout_loops_ring,
          shapermc_ecumenical_altar_hornbeckon, serial_shops,
          nicolae_diamond_shop, st_stairs_2
D:2:      layout_rooms, basic_altar
D:3:      layout_basic
D:4:      layout_basic, gammafunk_temple_overflow_pools, lemuel_doored_altar,
          minmay_temple_entry_junction, hangedman_decor_opposing, uniq_natasha
D:5:      layout_layer_cave, mainiacjoe_overflow_surrounded_room,
          lemuel_coloured_pillars_altar, kennysheep_generic_room_8
D:6:      lemuel_slime, layout_basic, kennysheep_little_box, uniq_edmund,
          uniq_sigmund
D:7:      layout_cave_pools, nicolae_uskayaw_en_pointe,
          mainiacjoe_overflow_alcove_4, minmay_manual_monstrance, uniq_menkaure,
          uniq_harold
D:8:      layout_cave_pools, tso_altar, led_sif_book, xom_shifter_show,
          trog_hazing_becter, serial_gnoll_camp, gnoll_camp_medium_01,
          gnoll_camp_huts_moat, gnoll_camp_mini_loothouse, gnoll_camp_medium_02
D:9:      layout_basic, grunt_lair_entry_orc_guard_hut, nrook_pool_corridor,
          minmay_misc_feat_alley
D:10:     layout_loops_corners, lemuel_crystal_altar, minivault_22, uniq_erolcha
D:11:     layout_stronghold, uniq_psyche, uniq_snorg
Temple:   dpeg_three_leaves_temple
Lair:1:   layout_gridlike, grunt_megastairs_4, infiniplex_staircase_pool_2,
          uniq_gastronok, uniq_nergalle
Lair:2:   layout_gridlike, portal_ice_cave_entry_ice_simulacra
Lair:3:   layout_gridlike, minmay_snake_entry_six_corridors, st_stairs_6,
          chequers_serial_rivers_micro_a, beast_lair_carwin_11,
          infiniplex_staircase_pool

Skill      XL: |  1  2  3  4  5  6  7  8  9 10 11 12 13 |
---------------+----------------------------------------+-----
Crossbows      | 5 6 7 8 9 10 | 10.0
Polearms       | 1 3 4 5 6 7 10 11 12 13 | 13.8
Invocations    | 1 3 4 7 8 9 10 11 | 11.0
Slings         | 1 3 5 6 |  6.6
Throwing       | 6 8 10 11 | 11.1
Armour         | 4 6 7 |  7.9
Fighting       | 5 7 8 |  8.1
Evocations     | 3 4 5 |  5.9
Dodging        | 4 6 7 |  7.5
Stealth        | |  0.7

Action                   |  1- 3 |  4- 6 |  7- 9 | 10-12 | 13-15 || total
-------------------------+-------+-------+-------+-------+-------++-------
Melee: Hand axe          |    47 |       |       |       |       ||    47
       Short sword       |     6 |       |       |       |       ||     6
       Headbutt          |     8 |     7 |    33 |   166 |    63 ||   277
       Halberd           |    58 |    90 |   264 |   924 |   219 ||  1555
       Glaive            |       |       |       |       |    46 ||    46
 Fire: Hand crossbow     |     1 |     5 |    18 |    23 |       ||    47
       Hunting sling     |       |    16 |    52 |    23 |       ||    91
       Shortbow          |       |       |       |     3 |       ||     3
       Fustibalus        |       |       |       |     9 |    57 ||    66
Throw: Dart              |       |       |     3 |       |       ||     3
       Boomerang         |       |       |       |     1 |       ||     1
Invok: Heroism           |       |       |     1 |     7 |     3 ||    11
       Duel              |       |       |       |     1 |       ||     1
  Use: Scroll            |       |     7 |     2 |     5 |     5 ||    19
       Potion            |       |       |       |     1 |     3 ||     4
 Stab: Sleeping          |       |       |       |     1 |       ||     1
Armor: Leather armour    |    35 |    15 |       |       |       ||    50
       Ring mail         |       |    13 |    77 |    81 |       ||   171
       Skin              |       |       |    10 |       |       ||    10
       Acid dragon scale |       |       |       |   195 |    52 ||   247
       Scale mail        |       |       |       |       |    10 ||    10
Dodge: Dodged            |    70 |    83 |   150 |   841 |   247 ||  1391

Table legend: (Time is in decaauts)
 A = Elapsed time spent in this place.
 B = Non-inter-level travel time spent in this place.
 C = Inter-level travel time spent in this place.
 D = Time resting spent in this place.
 E = Time spent auto-exploring this place.
 F = Levels seen in this place.
 G = Mean time per level.
                   A        B        C        D        E       F      G
               +--------+--------+--------+--------+--------+-----+--------+
         Total |  21641 |  20308 |   1333 |   1685 |  14349 |  17 | 1273.0 |
       Dungeon |  16346 |  15141 |   1205 |   1070 |  11135 |  11 | 1486.0 |
        Temple |     83 |     83 |      0 |      0 |     58 |   1 |   83.0 |
          Lair |   3321 |   3193 |    128 |    391 |   1937 |   3 | 1107.0 |
      Ice Cave |   1876 |   1876 |      0 |    224 |   1218 |   1 | 1876.0 |
         Arena |     13 |     13 |      0 |      0 |      0 |   1 |   13.0 |
               +--------+--------+--------+--------+--------+-----+--------+

Top non-repeatable levels by time:
     D:8: 2234 daAuts
     D:9: 2041 daAuts
   IceCv: 1876 daAuts
    D:11: 1758 daAuts
     D:7: 1692 daAuts
     D:5: 1617 daAuts
  Lair:1: 1536 daAuts
     D:6: 1410 daAuts
     D:4: 1393 daAuts
    D:10: 1370 daAuts
     D:3: 1340 daAuts
     D:1: 973 daAuts
  Lair:2: 944 daAuts
  Lair:3: 841 daAuts
     D:2: 514 daAuts
